 Dungeon Crawl Stone Soup version 0.31-a0-1-g4198be8af4 (webtiles) character file.

Game seed: 15098233626961202717

7 subawu the Conjurer (level 1, -2/9 HPs)
             Began as a Spriggan Conjurer on May 1, 2023.
             Slain by a gnoll
             ... wielding a +0 flail
              (11 damage)
             ... on level 1 of the Dungeon.
             The game lasted 00:05:19 (644 turns).

subawu the Conjurer (Spriggan Conjurer)              Turns: 644, Time: 00:05:19

Health: -2/9       AC:  2    Str:  3    XL:     1   Next: 91%
Magic:  5/5        EV: 17    Int: 19    God:
Gold:   52         SH:  0    Dex: 13    Spells: 4/5 levels left

rFire   . . .        e - +0 whip
rCold   . . .        (no shield)
rNeg    . . .        a - +0 robe
rPois   .            (helmet restricted)
rElec   .            (no cloak)
rCorr   .            (gloves unavailable)
SInv    +            (boots unavailable)
Will    .....        (no amulet)
Stlth   ++           (no ring)
HPRegen 0.21/turn    (no ring)
MPRegen 0.09/turn

%: no passive effects
@: very quick
A: very small, no large weapons, unfitting armour, see invisible, speed 3
a: no special abilities


You were on level 1 of the Dungeon.
You visited 1 branch of the dungeon, and saw 1 of its levels.

You collected 52 gold pieces.

Inventory:

Hand Weapons
 e - a +0 whip (weapon)
 f - a +0 club
 g - a +0 short sword
Missiles
 d - 8 stones
Armour
 a - a +0 robe (worn)
Jewellery
 i - an amulet of guardian spirit
Potions
 b - a potion of magic
 c - 2 potions of curing {unknown}
 h - a potion of experience {unknown}


   Skills:
 + Level 2.7 Dodging
 + Level 3.0 Stealth
 + Level 2.7 Spellcasting
 + Level 3.2 Conjurations


You had 4 spell levels left.
You knew the following spells:

 Your Spells              Type           Power      Damage    Failure   Level
a - Magic Dart            Conj           56%        1d5       4%          1

Your spell library contained the following spells:

 Spells                   Type           Power      Damage    Failure   Level
 Searing Ray              Conj           28%        2d5       6%          2
 Dazzling Flash           Conj/Hex       16%        N/A       24%         3
 Fulminant Prism          Conj/Hex       4%         3d5       63%         4
 Iskenderun's Mystic Bla  Conj/Tloc      8%         2d4       63%         4


Dungeon Overview and Level Annotations

Branches:
Dungeon (1/15)

Altars:


Innate Abilities, Weirdness & Mutations

You are very small and have problems with some larger weapons.
You are too small for most types of armour.
You have supernaturally acute eyesight. (SInv)
You cover ground extremely quickly. (Speed+++)


Message History

The magic dart hits the kobold.
The kobold is heavily wounded.
The kobold closely misses you.
You barely miss the kobold.
The kobold is heavily wounded.
The kobold hits you with a +0 club.
You hit the kobold.
You kill the kobold!
You see here a +0 club.
Found a sapphire potion.
You see here a +0 club.
f - a +0 club
Found 15 gold pieces.
You see here a +0 short sword.
g - a +0 short sword
Found an escape hatch in the floor.
You now have 52 gold pieces (gained 15).
h - a sapphire potion
There is an escape hatch in the floor here.
Found a dented zirconium amulet.
i - an amulet of guardian spirit
Okay, then.
A rat comes into view.
The helpless rat fails to defend itself.
You hit the rat.
The rat is heavily wounded.
The rat bites you.
You hit the rat but do no damage.
The rat is heavily wounded.
The rat bites you.
You hit the rat.
You kill the rat!
You see here a rat corpse.
A gnoll comes into view. It is wielding a +0 flail.
The gnoll closely misses you.
You hit the gnoll.
The gnoll is lightly wounded.
The gnoll hits you with a +0 flail!
Ouch! That really hurt!
You die...

.##.#.# #..
....#.# ...
....#.# .##
#.#.#.# .#
#.#.#.# #
#.#.#.#
#...##.#.#.#
#........@g#
..#.##.#.###
...#.# .#
...###.# .#
..... #.# .#
.... #.# .#
... #.# .#
##.. #.# .#
#.. #.#


You could see a gnoll.

Vanquished Creatures
  A dart slug (D:1)
  2 hobgoblins (D:1)
  A kobold (D:1)
  A rat (D:1)
5 creatures vanquished.

Vanquished Creatures (others)
  3 plants (D:1)
3 creatures vanquished.

Grand Total: 8 creatures vanquished

Notes
Turn   | Place    | Note
-------+----------+-------------------------------------------
     0 | D:1      | subawu the Spriggan Conjurer began the quest for the Orb.
     0 | D:1      | Reached XP level 1. HP: 9/9 MP: 5/5
   644 | D:1      | Slain by a gnoll

Illustrated notes

Levels and vault maps discovered:
D:1:      dpeg_arrival_yet_another_circle, layout_loops_ring, serial_bayou,
          serial_bayou_lagoon_a, serial_bayou_crossing, serial_bayou_pond_d,
          serial_bayou_lake_a

Skill      XL: |  1 |
---------------+----+-----
Conjurations   | 3 |  3.2
Dodging        | |  2.7
Stealth        | |  3.0
Spellcasting   | |  2.7

Action                     || total
---------------------------++-------
  Melee: Unarmed           ||    36
         Whip              ||    16
   Cast: Magic Dart        ||     3
   Stab: Sleeping          ||     2
 Armour: Robe              ||     1
  Dodge: Dodged            ||    26

Table legend: (Time is in decaauts)
 A = Elapsed time spent in this place.
 B = Non-inter-level travel time spent in this place.
 C = Inter-level travel time spent in this place.
 D = Time resting spent in this place.
 E = Time spent auto-exploring this place.
 F = Levels seen in this place.
 G = Mean time per level.
                   A        B        C        D        E       F      G
               +--------+--------+--------+--------+--------+-----+--------+
         Total |    466 |    355 |    111 |      0 |      0 |   1 |  466.0 |
       Dungeon |    466 |    355 |    111 |      0 |      0 |   1 |  466.0 |
               +--------+--------+--------+--------+--------+-----+--------+

Top non-repeatable levels by time:
     D:1: 466 daAuts
